 Dungeon Crawl Stone Soup version 0.27-a0-594-g2aaa8dbbc2 (webtiles) character file.

Game seed: 2809698848252117673

28861 Harbin the Blocker (level 13, -3/175 HPs)
             Began as a Minotaur Fighter on Mar 11, 2021.
             Was the Champion of Makhleb.
             Slain by a wolf spider (9 damage)
             ... on level 3 of the Lair of Beasts.
             The game lasted 01:57:51 (14644 turns).

Harbin the Blocker (Minotaur Fighter)              Turns: 14644, Time: 01:57:52

Health: -3/175     AC: 26    Str: 29    XL:     13   Next: 12%
Magic:  18/18      EV:  2    Int:  7    God:    Makhleb [******]
Gold:   767        SH:  0    Dex: 11    Spells: 12/12 levels left

rFire    + . .     SeeInvis .   G - +2 flail (vorpal)
rCold    . . .     Faith    .   W - +1 kite shield {rPois}
rNeg     + + +     Spirit   .   (armour currently unavailable)
rPois    +         Reflect  .   (helmet unavailable)
rElec    +         Harm     .   (cloak currently unavailable)
rCorr    .         Rampage  .   (gloves currently unavailable)
Will     .....     NoTele   +   (boots currently unavailable)
Stlth    +.........             R - amulet of the Air {Inacc +Fly rElec EV+5 RMsl}
HPRegen  0.39/turn              o - ring of protection from fire
MPRegen  0.16/turn              w - +6 ring of strength

@: confused, tree-form, ambrosia-drunk, repel missiles
A: no striking features
a: Renounce Religion, Minor Destruction, Lesser Servant of Makhleb, Major
Destruction, Greater Servant of Makhleb


You were on level 3 of the Lair of Beasts.
You worshipped Makhleb.
Makhleb was exalted by your worship.
You were a tree.
You visited 4 branches of the dungeon, and saw 17 of its levels.
You also visited: Ossuary.

You collected 767 gold pieces.

Inventory:

Hand Weapons
 a - a +0 war axe
 h - a +3 spectral club
 F - a +1 morningstar
 G - a +2 vorpal flail (weapon)
Missiles
 u - 11 javelins
 v - 60 poisoned darts (quivered)
 N - a curare-tipped dart
Armour
 c - a +1 kite shield
 g - a +0 scale mail
 y - a +1 troll leather armour (melded) {Snorg}
 D - a +0 plate armour
 J - a +1 pair of boots (melded)
 K - a +0 cloak (melded)
 W - a +1 kite shield of poison resistance (worn)
Jewellery
 o - a ring of protection from fire (right branch)
 w - a +6 ring of strength (left branch)
 B - a ring of resist corrosion
 E - a ring of ice
 P - an amulet of magic regeneration
 R - the amulet of the Air (around neck) {Inacc +Fly rElec EV+5 RMsl}
   (You found it on level 1 of the Lair of Beasts)

   [amulet of nothing]

   It affects your evasion (+5).
   It insulates you from electricity.
   It lets you fly.
   It protects you from missiles.
 S - a ring of wizardry
Wands
 j - a wand of paralysis (21)
 q - a wand of charming (20)
 t - a wand of flame (30)
 z - a wand of iceblast (50)
 I - a wand of random effects (26)
 Q - a wand of acid (31)
 T - a wand of digging (7)
Scrolls
 f - 9 scrolls of teleportation
 k - 2 scrolls of blinking
 l - 2 scrolls of enchant armour
 m - 14 scrolls of identify
 n - 4 scrolls of immolation
 s - a scroll of magic mapping
 x - 2 scrolls of enchant weapon
 A - 3 scrolls of amnesia
 V - a scroll of fog
Potions
 b - 2 potions of brilliance
 d - a potion of might
 e - 2 potions of mutation
 i - 7 potions of curing
 p - 3 potions of attraction
 r - 3 potions of lignification
 C - 5 potions of flight
 H - 2 potions of cancellation
 L - a potion of resistance
 M - 8 potions of ambrosia
 O - a potion of berserk rage
 U - a potion of haste


   Skills:
 + Level 11.6 Fighting
 + Level 11.2(12.9) Axes
 + Level 10.8(12.7) Maces & Flails
 - Level 10.0 Armour
 + Level 5.0 Dodging
 + Level 11.7 Shields
 + Level 1.9 Unarmed Combat
 + Level 8.8 Invocations
 + Level 0.8 Evocations


You had 12 spell levels left.
You didn't know any spells.
Your spell library contained the following spells:

 Spells                   Type           Power      Damage    Failure   Level
 Animate Skeleton         Necr           0%         N/A       56%         1
 Apportation              Tloc           0%         N/A       56%         1
 Beastly Appendage        Tmut           0%         N/A       56%         1
 Corona                   Hex            0%         N/A       56%         1
 Pain                     Necr           0%         1d4       56%         1
 Summon Small Mammal      Summ           0%         N/A       56%         1
 Blink                    Tloc           N/A        N/A       71%         2
 Wereblood                Tmut           0%         N/A       71%         2
 Gell's Gravitas          Tloc           0%         N/A       91%         3
 Lesser Beckoning         Tloc           0%         N/A       91%         3
 Spider Form              Tmut/Pois      0%         N/A       91%         3
 Teleport Other           Tloc           0%         N/A       91%         3
 Vampiric Draining        Necr           0%         2d6       91%         3
 Animate Dead             Necr           0%         N/A       100%        4
 Ice Form                 Ice/Tmut       0%         N/A       100%        4
 Manifold Assault         Tloc           0%         N/A       100%        4
 Agony                    Necr           0%         N/A       100%        5
 Blade Hands              Tmut           0%         N/A       100%        5


Dungeon Overview and Level Annotations

Branches:
Dungeon (12/15)            Temple (1/1) D:7            Lair (3/6) D:11
 Spider (1/4) Lair:3          Orc (0/2) D:10        Ossuary (visited)
  Swamp: Lair:2-4    Shoals: Lair:2-4

Altars:
Cheibriados
Dithmenos
Elyvilon
Fedhas
Hepliaklqana
Kikubaaqudgha
Makhleb
Nemelex Xobeh
Qazlal
Ru
Trog
Vehumet
Xom
Yredelemnul
The Shining One
Beogh

Shops:
D:8 :

Annotations:
D:11 2 transporters, Morbidden's ghost, journeyman DrTm


Innate Abilities, Weirdness & Mutations

((You have a pair of large horns on your head.))
((You reflexively headbutt those who attack you in melee.))
((Armour fits poorly on your strangely shaped body.))


Message History

There is a crawl-hole back to the Lair, spattered with blood here.
The wolf spider completely misses you. You block the wolf spider's attack.
The tarantella bites you!
You are confused.
The wolf spider hits you!
* * * LOW HITPOINT WARNING * * *
The wolf spider misses you.
You climb upwards.
Welcome back to the Lair of Beasts!
There is a hole to the Spider Nest here.
You sock the wolf spider!
The wolf spider is moderately wounded.
The tarantella bites you!
* * * LOW HITPOINT WARNING * * *
The wolf spider hits you!
* * * LOW HITPOINT WARNING * * *
The wolf spider bites you but does no damage.
Okay, then.
You feel better. You block the tarantella's attack.
You block the wolf spider's attack. The wolf spider barely misses you.
The tarantella bites you.
* * * LOW HITPOINT WARNING * * *
The wolf spider completely misses you. You furiously retaliate!
You headbutt the wolf spider! The wolf spider bites you!
* * * LOW HITPOINT WARNING * * *
Okay, then.
You are confused.
You feel invigorated. The tarantella misses you. The wolf spider hits you!
* * * LOW HITPOINT WARNING * * *
The wolf spider barely misses you.
Really quaff the potion of lignification?
You turn into a tree.
Your +0 cloak melds into your body.
Your +1 pair of boots melds into your body.
Your +1 troll leather armour {Snorg} melds into your body.
Your roots penetrate the ground.
The tarantella bites you but does no damage.
The wolf spider hits you but does no damage.
The wolf spider bites you but does no damage.
The tarantella bites you but does no damage.
The wolf spider hits you!
You die...

..........##..#.## ##...#
..........#...#..# #....#
#.......P.#.....####..#..
^^#...#..##......
###^#..#...##P.##.
#....#.#...###....
#^...^^##....#....
#s^#.^.# .........
#♣^##^.# .........
#...s#..#.....#.......
...^^^.#^..##..##.#P..>.
...#.^^.^#!......#......
#...$^#^##...P.#........
....# # ...### .....
#.... ..# ....< ..... ##
..... ##


You could see a wolf spider and a tarantella.

Vanquished Creatures
  4 hydras
  Erolcha (D:10)
  A centaur warrior (D:8)
  The ghost of waddelsworth the Geomancer, a journeyman GrEE of Sif Muna (Lair:1)
  A dancing weapon (Lair:1)
  A two-headed ogre (D:8)
  An unseen horror (D:9)
  A lindwurm (Lair:1)
  Pikel (D:9)
  An ugly thing (D:11)
  An elephant (Lair:3)
  A cyclops (D:11)
  3 black mambas
  A manticore (D:12)
  11 cane toads
  2 rime drakes (Lair:3)
  4 komodo dragons
  A troll (D:9)
  A polar bear (Lair:2)
  Prince Ribbit (D:6)
  A hornet (Spider:1)
  A water elemental (D:11)
  15 yaks
  A tarantella (Lair:3)
  8 basilisks
  5 wyverns
  2 steam dragons
  9 water moccasins
  A soldier ant (D:10)
  Duvessa (D:5)
  A sky beast (D:7)
  3 ice beasts
  4 orc warriors
  3 ogres
  3 centaurs
  12 wolves
  3 phantoms
  3 lemures (D:9)
  3 kobold brigands
  5 bullfrogs
  A wyvern zombie (D:8)
  Dowan (D:5)
  3 scorpions
  32 killer bees
  5 wights (D:9)
  5 howler monkeys
  An electric eel (D:11)
  4 quasits
  2 hounds (D:9)
  2 centaur zombies (Ossuary)
  4 orc priests
  3 bullfrog zombies
  2 jellies
  2 bullfrog skeletons
  3 centaur skeletons
  3 iguanas
  Jessica (D:2)
  11 worker ants
  4 orc wizards
  6 hell rats (Lair:3)
  A killer bee zombie (D:7)
  A hound skeleton (D:7)
  15 mummies (Ossuary)
  A howler monkey zombie (Ossuary)
  3 worker ant zombies (Ossuary)
  6 gnolls
  A howler monkey skeleton (D:10)
  3 river rats (Lair:3)
  9 adders
  2 shadow imps
  4 white imps
  5 ufetubi
  An ooze (D:4)
  2 adder skeletons
  An adder zombie (D:6)
  4 worms
  3 dart slugs
  2 leopard geckos
  31 orcs
  2 giant cockroaches
  6 goblins
  8 hobgoblins
  13 jackals
  21 kobolds
  5 quokkas
  A ball python (D:7)
  A ball python skeleton (D:5)
  3 bats
  2 frilled lizards
  A jackal zombie (D:5)
  A leopard gecko skeleton (D:8)
  A leopard gecko zombie (Ossuary)
  2 quokka skeletons
  4 quokka zombies
  6 rats
390 creatures vanquished.

Vanquished Creatures (collateral kills)
  Snorg (D:11)
  A centaur (D:11)
  A lemure (D:9)
3 creatures vanquished.

Vanquished Creatures (others)
  5 fungi
  19 plants
  4 withered plants (Ossuary)
28 creatures vanquished.

Grand Total: 421 creatures vanquished

Notes
Turn   | Place    | Note
-------+----------+-------------------------------------------
     0 | D:1      | Harbin the Minotaur Fighter began the quest for the Orb.
     0 | D:1      | Reached XP level 1. HP: 19/19 MP: 0/0
   900 | D:2      | Reached XP level 2. HP: 15/27 MP: 1/1
  1124 | D:2      | Noticed Jessica
  1126 | D:2      | Killed Jessica
  1127 | D:2      | Reached XP level 3. HP: 28/33 MP: 2/2
  1284 | D:2      | Found a sparkling altar of Nemelex Xobeh.
  1475 | D:2      | Found an ancient bone altar of Kikubaaqudgha.
  1478 | D:2      | Found a radiant altar of Vehumet.
  1483 | D:2      | Found a burning altar of Makhleb.
  1509 | D:2      | Became a worshipper of Makhleb the Destroyer
  1670 | D:2      | Found a glowing golden altar of the Shining One.
  1732 | D:3      | Reached XP level 4. HP: 41/41 MP: 3/3
  1742 | D:3      | Reached skill level 1 in Maces & Flails
  2203 | D:3      | Reached * piety under Makhleb
  2204 | D:3      | Reached XP level 5. HP: 46/47 MP: 4/4
  2738 | D:4      | Found a shadowy altar of Dithmenos.
  2888 | D:4      | Found a blossoming altar of Fedhas.
  3085 | D:4      | Reached skill level 5 in Fighting
  3098 | D:4      | Identified the +0 robe of Poor Excuses {Harm MP+9}
  3264 | D:4      | Reached skill level 5 in Armour
  3264 | D:4      | Reached skill level 5 in Shields
  3264 | D:4      | Reached XP level 6. HP: 55/56 MP: 5/5
  3326 | D:5      | Entered Level 5 of the Dungeon
  3752 | D:5      | Reached ** piety under Makhleb
  3840 | D:5      | Reached XP level 7. HP: 61/61 MP: 6/6
  3966 | D:5      | Noticed Dowan
  3967 | D:5      | Noticed Duvessa
  3992 | D:5      | Killed Duvessa
  3993 | D:5      | Reached skill level 1 in Invocations
  4009 | D:5      | Killed Dowan
  4290 | D:5      | Found a faded altar of an unknown god.
  4292 | D:5      | Found a hazy altar of Hepliaklqana.
  4292 | D:5      | Found a faded altar of an unknown god.
  4360 | D:5      | Reached skill level 5 in Axes
  4687 | D:6      | Noticed Prince Ribbit
  4960 | D:6      | Found a bloodstained altar of Trog.
  4976 | D:6      | Reached XP level 8. HP: 69/70 MP: 8/8
  5083 | D:6      | Killed Prince Ribbit
  5404 | D:7      | Found a sand-covered staircase.
  5414 | Ossuary  | Entered an ossuary
  5485 | Ossuary  | Reached *** piety under Makhleb
  5510 | Ossuary  | Reached skill level 5 in Maces & Flails
  5695 | D:7      | Gained mutation: Armour fits poorly on your strangely
                  | shaped body. [potion of mutation]
  5695 | D:7      | Gained mutation: You have a pair of large horns on your
                  | head. [potion of mutation]
  5765 | D:7      | Reached XP level 9. HP: 79/79 MP: 10/10
  5866 | D:7      | Found a staircase to the Ecumenical Temple.
  5871 | Temple   | Entered the Ecumenical Temple
  6209 | D:6      | Found a sacrificial altar of Ru.
  6209 | D:6      | Found a stormy altar of Qazlal.
  6212 | D:6      | Found a bloodstained altar of Trog.
  6587 | D:8      | Noticed a two-headed ogre
  6602 | D:8      | Killed a two-headed ogre
  6950 | D:8      | Reached **** piety under Makhleb
  7021 | D:8      | Found Gazxolu's Book Emporium.
  7300 | D:8      | Noticed a centaur warrior
  7319 | D:8      | Killed a centaur warrior
  7638 | D:9      | Reached XP level 10. HP: 88/88 MP: 12/12
  7736 | D:9      | Found a white marble altar of Elyvilon.
  7763 | D:9      | Noticed Pikel
  7764 | D:9      | Killed an unseen horror
  7765 | D:9      | Reached skill level 5 in Invocations
  7768 | D:9      | Noticed an orange demon
  7814 | D:9      | Killed Pikel
  8215 | D:9      | Found a basalt altar of Yredelemnul.
  9036 | D:10     | Entered Level 10 of the Dungeon
  9674 | D:10     | Found a staircase to the Orcish Mines.
  9692 | D:10     | Noticed Erolcha
  9708 | D:10     | Killed Erolcha
  9709 | D:10     | Reached XP level 11. HP: 89/97 MP: 14/14
  9839 | D:10     | Reached ***** piety under Makhleb
 10145 | D:11     | Found a transporter.
 10149 | D:11     | Noticed Morbidden's ghost (journeyman DrTm)
 10190 | D:11     | Noticed a green ugly thing
 10203 | D:11     | Killed a green ugly thing
 10356 | D:11     | Noticed Snorg
 10825 | D:11     | Killed Snorg
 11031 | D:11     | Found a transporter.
 11224 | D:11     | Found a staircase to the Lair.
 11237 | D:11     | Reached skill level 10 in Shields
 11579 | D:12     | Reached skill level 10 in Fighting
 11579 | D:12     | Reached skill level 10 in Armour
 11706 | Lair:1   | Entered Level 1 of the Lair of Beasts
 11707 | Lair:1   | Noticed a six-headed hydra
 11728 | Lair:1   | Killed a six-headed hydra
 11793 | Lair:1   | Noticed a lindwurm
 11805 | Lair:1   | Killed a lindwurm
 11826 | Lair:1   | Found the amulet of the Air {Inacc +Fly rElec EV+5 RMsl}
 11926 | Lair:1   | Found a snail-covered altar of Cheibriados.
 11992 | Lair:1   | HP: 3/101 [komodo dragon (20)]
 11995 | Lair:1   | Reached skill level 10 in Axes
 12105 | Lair:1   | Reached skill level 1 in Dodging
 12131 | Lair:1   | Reached XP level 12. HP: 107/107 MP: 16/16
 12393 | Lair:1   | Found a runed translucent door.
 12395 | Lair:1   | Found a shimmering altar of Xom.
 12395 | Lair:1   | Noticed waddelsworth's ghost (journeyman GrEE)
 12518 | Lair:1   | Killed waddelsworth's ghost
 12519 | Lair:1   | Reached skill level 10 in Maces & Flails
 13063 | Lair:2   | Noticed an eight-headed hydra
 13073 | Lair:2   | Killed an eight-headed hydra
 13563 | Lair:2   | Noticed a five-headed hydra
 13577 | Lair:2   | Killed a five-headed hydra
 14208 | Lair:3   | Reached skill level 1 in Unarmed Combat
 14286 | Lair:3   | Reached ****** piety under Makhleb
 14334 | Lair:3   | Reached XP level 13. HP: 115/116 MP: 18/18
 14529 | Lair:3   | Reached skill level 5 in Dodging
 14608 | Lair:3   | Found a hole to the Spider Nest.
 14623 | Spider:1 | Entered Level 1 of the Spider Nest
 14634 | Spider:1 | Noticed an emperor scorpion
 14642 | Lair:3   | HP: 4/117 [wolf spider (9)]
 14643 | Lair:3   | HP: 1/117 [wolf spider (9)]
 14644 | Lair:3   | Slain by a wolf spider

Illustrated notes

Levels and vault maps discovered:
D:1:      dpeg_arrival_oval, layout_basic, st_stairs_7,
          minmay_misc_feat_ornament
D:2:      layout_loops_ring, nicolae_tso_swordbearing_angel,
          nemelex_xobeh_ov_fountains_minmay, grunt_temple_overflow_diamond,
          uniq_jessica
D:3:      layout_rooms, kennysheep_generic_room_13
D:4:      layout_loops_cross, nicolae_overflow_crystal_walls,
          general_overflow_altar
D:5:      minmay_octagon_keep, layout_cave_pools,
          nicolae_hepliaklqana_ecumenical_no_more, uniq_duvessa
D:6:      layout_cave_pools, nicolae_overflow_hidden_temple,
          serial_bayou_pond_e, chequers_garden, trog_hazing_becter,
          uniq_prince_ribbit1
D:7:      layout_loops_ring, temple_doors_e, nicolae_ossuary_entry_ruins
D:8:      statuecave_lemuel, layout_basic, serial_shops, nicolae_shop_waterfront
D:9:      layout_stronghold, elyvilon_altar_3, lemuel_doored_altar, uniq_pikel
D:10:     layout_irregular_city, minmay_orc_entry_temple_small, uniq_erolcha
D:11:     layout_long_grid, erik_lair_dragon, gammafunk_ghost_stat_death,
          chequers_big_river, minivault_19, uniq_snorg
D:12:     minmay_five_octagons, layout_long_grid, enter_bailey_3, uniq_frances
Temple:   nicolae_temple_figure_zero
Lair:1:   layout_regular_city, basic_altar, ebering_ghost_xom, nzn_random_ring
Lair:2:   layout_loops_ring
Lair:3:   regret_index_bee_streams, layout_misc_corridors,
          spider_nest_entry_rubble
Spider:1: gammafunk_sealed_arena, guppyfry_hornet_nest

Skill      XL: |  1  2  3  4  5  6  7  8  9 10 11 12 13 |
---------------+----------------------------------------+-----
Fighting       | 4 5 6 7 8 9 10 11 | 11.6
Armour         | 4 5 6 7 8 9 10 | 10.0
Axes           | 3 4 5 6 7 8 10 11 | 11.2
Shields        | 4 5 6 7 8 9 10 11 | 11.7
Maces & Flails | 1 2 3 4 5 6 8 9 10 | 10.8
Invocations    | 2 3 4 6 7 8 |  8.8
Dodging        | 1 4 5 |  5.0
Unarmed Combat | 1 |  1.9
Evocations     | |  0.8

Action                   |  1- 3 |  4- 6 |  7- 9 | 10-12 | 13-15 || total
-------------------------+-------+-------+-------+-------+-------++-------
Melee: War axe           |    30 |       |       |       |       ||    30
       Headbutt          |     6 |    22 |    80 |   139 |    14 ||   261
       Club              |    11 |   123 |   286 |   125 |       ||   545
       Flail             |       |       |       |   624 |    84 ||   708
Throw: Dart              |       |       |     4 |    17 |       ||    21
Invok: Lesser Servant of |       |       |       |     5 |       ||     5
       Minor Destruction |       |       |       |     3 |       ||     3
  Use: Potion            |       |       |     6 |     7 |     3 ||    16
       Scroll            |       |       |    13 |     9 |       ||    22
 Stab: Distracted        |       |     2 |     6 |     2 |       ||    10
Armor: Scale mail        |    17 |    53 |    51 |    83 |       ||   204
       Skin              |       |       |       |    60 |     4 ||    64
       Troll leather arm |       |       |       |    77 |    11 ||    88
Dodge: Dodged            |    10 |    34 |    66 |   316 |    52 ||   478
       Repelled          |       |       |       |     2 |       ||     2
Block: Kite shield       |    17 |    45 |   106 |   497 |    90 ||   755

Table legend: (Time is in decaauts)
 A = Elapsed time spent in this place.
 B = Non-inter-level travel time spent in this place.
 C = Inter-level travel time spent in this place.
 D = Time resting spent in this place.
 E = Time spent auto-exploring this place.
 F = Levels seen in this place.
 G = Mean time per level.
                   A        B        C        D        E       F      G
               +--------+--------+--------+--------+--------+-----+--------+
         Total |  14746 |  14203 |    543 |    316 |   9911 |  18 |  819.2 |
       Dungeon |  11536 |  11047 |    489 |    316 |   8360 |  12 |  961.3 |
        Temple |      4 |      4 |      0 |      0 |      0 |   1 |    4.0 |
          Lair |   2867 |   2814 |     53 |      0 |   1535 |   3 |  955.7 |
   Spider Nest |     16 |     16 |      0 |      0 |      0 |   1 |   16.0 |
       Ossuary |    322 |    322 |      0 |      0 |     16 |   1 |  322.0 |
               +--------+--------+--------+--------+--------+-----+--------+

Top non-repeatable levels by time:
    D:11: 1619 daAuts
     D:9: 1393 daAuts
     D:8: 1375 daAuts
  Lair:1: 1266 daAuts
     D:5: 1237 daAuts
    D:10: 1042 daAuts
  Lair:2: 988 daAuts
     D:3: 896 daAuts
     D:1: 895 daAuts
     D:7: 860 daAuts
     D:2: 855 daAuts
     D:4: 731 daAuts
  Lair:3: 613 daAuts
     D:6: 607 daAuts
 Ossuary: 322 daAuts
